 Dungeon Crawl Stone Soup version 0.28-a0-1555-g9ae15a6949 (console) character file.

Game seed: 9570879532569718805

6972 jejorda2 the Impaler (level 11, -5/81 HPs)
             Began as a Merfolk Berserker on Jan 18, 2022.
             Was a Priest of Trog.
             Slain by a boulder beetle (22 damage)
             ... on level 11 of the Dungeon.
             The game lasted 00:24:05 (10811 turns).

jejorda2 the Impaler (Merfolk Berserker)           Turns: 10811, Time: 00:24:06

Health: -5/81      AC: 22    Str: 21    XL:     11   Next: 8%
Magic:  11/11      EV:  8    Int:  6    God:    Trog [***...]
Gold:   108        SH:  0    Dex: 15    Spells: 10/10 levels left

rFire   . . .      SeeInvis .   a - +4 halberd
rCold   + . .      Faith    .   (shield currently unavailable)
rNeg    . . .      Spirit   .   H - +0 plate armour
rPois   .          Reflect  .   (no helmet)
rElec   .          Harm     .   s - +2 cloak
rCorr   .          Rampage  .   n - +0 pair of gloves {Stlth+}
Will    ++...                   l - +0 pair of boots
Stlth   ..........              (no amulet)
HPRegen 1.23/turn               f - ring of protection from cold
MPRegen 0.12/turn               x - +4 ring of protection

@: strong-willed, on berserk cooldown, regenerating
A: (nimble swimmer 2), mertail
a: Renounce Religion, Berserk, Trog's Hand


You were on level 11 of the Dungeon.
You worshipped Trog.
Trog was most pleased with you.
You visited 1 branch of the dungeon, and saw 11 of its levels.

You collected 437 gold pieces.
You spent 329 gold pieces at shops.

Inventory:

Hand Weapons
 a - a +4 halberd (weapon)
 b - a +0 trident
Missiles
 d - 228 stones (quivered)
 i - 6 javelins
 k - 12 poisoned darts
 A - 6 throwing nets
 G - a boomerang
Armour
 l - a +0 pair of boots (worn)
 n - a +0 pair of gloves of stealth (worn)
 s - a +2 cloak (worn)
 H - a +0 plate armour (worn)
Jewellery
 f - a ring of protection from cold (left hand)
 x - a +4 ring of protection (right hand)
Wands
 o - a wand of polymorph (4)
 q - a wand of charming (2)
 t - a wand of flame (15)
 y - a wand of paralysis (29)
 D - a wand of iceblast (9)
Scrolls
 m - 3 scrolls of teleportation
 r - a scroll of brand weapon
 v - 3 scrolls of fear
 B - 2 scrolls of enchant armour
Potions
 c - 5 potions of curing
 e - 2 potions of attraction {unknown}
 g - a potion of ambrosia {unknown}
 h - 2 potions of flight
 j - 2 potions of brilliance
 p - 2 potions of mutation
 u - a potion of heal wounds {unknown}
 w - 4 potions of magic
 z - a potion of resistance
 C - 3 potions of might {unknown}
 E - 2 potions of haste {unknown}
 F - a potion of cancellation


   Skills:
 - Level 6.0 Fighting
 * Level 18.4 Polearms
 - Level 6.0 Armour
 + Level 5.5 Dodging
 + Level 3.5 Evocations


You had 10 spell levels left.
You didn't know any spells.
Your spell library was empty.

Dungeon Overview and Level Annotations

Branches:
Dungeon (11/15)            Temple (0/1) D:5            Lair (0/6) D:10
    Orc (0/2) D:9

Altars:
Cheibriados
Dithmenos
Gozag
Hepliaklqana
Nemelex Xobeh
Okawaru
Qazlal
Ru
Wu Jian
Xom

Shops:
D:1 *   D:3 *   D:4 *

Annotations:
D:6 3 runed translucent doors, Heh's ghost, novice OpVM; psuckher's ghost, weakling BaDe


Innate Abilities, Weirdness & Mutations

((You are very nimble when in or above water. (Stealth+, EV+, Speed+++)))
Your lower body shifts to a powerful aquatic tail in water.


Message History

* * * LOW HITPOINT WARNING * * *
The vampire mosquito draws strength from your injuries!
The boulder beetle curls into a ball and begins rolling!
The vampire mosquito bites you but does no damage.
Something hits you.
* * * LOW HITPOINT WARNING * * *
Deactivating autopickup; reactivate with Ctrl-A.
Your ogre closely misses the vampire mosquito.
The boulder beetle barely misses your ogre.
The boulder beetle stops rolling and uncurls.
The vampire mosquito bites you but does no damage.
The boulder beetle barely misses your ogre.
Your ogre hits the vampire mosquito with a +0 giant club!!
Unknown command.
You puncture the vampire mosquito!
You destroy the vampire mosquito!
Trog accepts your kill. Something hits you but does no damage.
Your ogre hits the boulder beetle with a +0 giant club!!
The boulder beetle bites your ogre!!
Unknown command.
Your skin crawls.
You feel strong-willed.
You feel yourself speed up. Something hits you but does no damage.
Your ogre hits the boulder beetle with a +0 giant club!
The boulder beetle bites your ogre!!
Your ogre dies!
Your ogre's corpse disappears in a puff of smoke!
Unknown command.
You fail to use your ability.
Something hits you but does no damage.
Unknown command.
Your ogre goes berserk!
You can no longer call in reinforcements.
Something hits your ogre! The boulder beetle closely misses you.
Unknown command.
You puncture the boulder beetle!
The boulder beetle is severely wounded.
The vampire mosquito bites your ogre but does no damage.
The boulder beetle bites you!!
You die...

#..)...# #.^...$#
#......# ##......#
####..O.$..#
####....###.####
#......<....##.#
#...........##.##
#...........##@.###...
............OBO.......
.....$......#y##.##...
............#.# .# .
#.............# #
#.........:.###
......##.# ..... #.#
... #.


You could see a boulder beetle (ally target), a two-headed ogre, a vampire
mosquito and a friendly ogre (summoned, berserk).

Vanquished Creatures
  Harold (D:7)
  2 two-headed ogres
  A kobold demonologist (D:7)
  A hornet (D:7)
  8 yaks (D:9)
  A wyvern (D:9)
  A wraith (D:7)
  2 steam dragons
  A vampire mosquito (D:11)
  An acid dragon (D:10)
  A water moccasin (D:9)
  An orc warrior (D:9)
  A black bear (D:4)
  2 sky beasts
  An ogre (D:7)
  3 phantoms
  3 gnoll sergeants
  A bullfrog (D:8)
  A wyvern zombie (D:6)
  A water moccasin zombie (D:7)
  A water moccasin skeleton (D:6)
  2 troll zombies (D:9)
  6 wights
  3 howler monkeys (D:7)
  2 crimson imps (D:8)
  A centaur zombie (D:8)
  2 jellies
  2 hounds
  2 orc priests
  Crazy Yiuf (D:4)
  A bullfrog skeleton (D:6)
  A centaur skeleton (D:7)
  5 iguanas
  6 orc wizards
  6 ogre zombies (D:9)
  A hound skeleton (D:4)
  A howler monkey zombie (D:9)
  13 gnolls
  9 adders
  2 white imps
  An ufetubus (D:5)
  4 worms
  3 dart slugs
  17 orcs
  7 bats
  9 endoplasms
  5 giant cockroaches
  6 goblins
  12 hobgoblins
  6 jackals
  10 kobolds
  4 quokkas
  6 ball pythons
  3 frilled lizards
  A goblin skeleton (D:9)
  3 goblin zombies (D:9)
  2 hobgoblin skeletons (D:9)
  3 hobgoblin zombies (D:9)
  16 orc zombies (D:9)
  8 rats
227 creatures vanquished.

Vanquished Creatures (others)
  22 plants (D:8)
  15 withered plants
37 creatures vanquished.

Grand Total: 264 creatures vanquished

Notes
Turn   | Place    | Note
-------+----------+-------------------------------------------
     0 | D:1      | jejorda2 the Merfolk Berserker began the quest for the Orb.
     0 | D:1      | Reached XP level 1. HP: 18/18 MP: 1/1
    82 | D:1      | Reached XP level 2. HP: 19/24 MP: 2/2
   143 | D:1      | Found Bisodde's Assorted Antiques.
   268 | D:1      | Reached skill level 5 in Polearms
   323 | D:1      | Reached XP level 3. HP: 29/29 MP: 3/3
   483 | D:1      | You fall into a shaft and drop 1 floor!
   842 | D:1      | Reached ** piety under Trog
   894 | D:1      | Reached XP level 4. HP: 37/37 MP: 4/4
  1200 | D:1      | Bought a coppery potion for 18 gold pieces
  1224 | D:2      | Reached skill level 6 in Polearms
  1386 | D:1      | Bought a golden potion for 18 gold pieces
  1874 | D:1      | Bought a scroll labelled RYTURIE SYOQU for 21 gold pieces
  1913 | D:3      | Found a sacrificial altar of Ru.
  1952 | D:3      | Reached XP level 5. HP: 35/42 MP: 5/5
  2196 | D:3      | Found a hazy altar of Hepliaklqana.
  2196 | D:3      | Found a shadowy altar of Dithmenos.
  2198 | D:3      | Noticed a shadow
  2228 | D:3      | Found an iron altar of Okawaru.
  2320 | D:3      | Found Gozag's Platinum Reserve.
  2321 | D:3      | Found an opulent altar of Gozag.
  2738 | D:4      | Found Zeosma's Assorted Antiques.
  2763 | D:4      | Noticed a steam dragon
  2771 | D:4      | Killed a steam dragon
  2772 | D:4      | Reached skill level 7 in Polearms
  2772 | D:4      | Reached XP level 6. HP: 26/49 MP: 6/6
  2974 | D:4      | Reached *** piety under Trog
  3167 | D:4      | Reached skill level 8 in Polearms
  3373 | D:4      | Noticed a black bear
  3378 | D:4      | Killed a black bear
  3379 | D:4      | Reached skill level 5 in Fighting
  3379 | D:4      | Reached XP level 7. HP: 56/56 MP: 7/7
  3438 | D:4      | Found an ornate altar of the Wu Jian Council.
  3823 | D:4      | Found a runed translucent door.
  3824 | D:4      | Noticed Crazy Yiuf
  3831 | D:4      | Killed Crazy Yiuf
  3949 | D:5      | Entered Level 5 of the Dungeon
  3967 | D:5      | Found a stormy altar of Qazlal.
  4035 | D:5      | Reached skill level 9 in Polearms
  4075 | D:5      | Found a staircase to the Ecumenical Temple.
  4780 | D:5      | Identified the +1 ring mail "Caoluth" {Int-4 Dex+6}
  5380 | D:6      | Reached XP level 8. HP: 41/64 MP: 8/8
  5530 | D:5      | Reached skill level 10 in Polearms
  5699 | D:6      | Found a runed translucent gate.
  5700 | D:6      | Found a runed translucent gate.
  5850 | D:6      | Found a runed translucent gate.
  5850 | D:6      | Noticed psuckher's ghost (weakling BaDe)
  5851 | D:6      | Noticed Heh's ghost (novice OpVM)
  6031 | D:7      | Noticed a hornet
  6035 | D:7      | Noticed Harold
  6037 | D:7      | Noticed a wraith
  6060 | D:7      | Reached skill level 11 in Polearms
  6190 | D:7      | Found a snail-covered altar of Cheibriados.
  6255 | D:7      | Killed a wraith
  6256 | D:7      | Reached skill level 12 in Polearms
  6379 | D:4      | Bought a pair of embroidered gloves for 217 gold pieces
  6447 | D:7      | Noticed a kobold demonologist
  6455 | D:7      | Noticed an ice devil
  6455 | D:7      | Killed a kobold demonologist
  6456 | D:7      | Reached XP level 9. HP: 63/69 MP: 9/9
  6668 | D:7      | Killed a hornet
  6669 | D:7      | Reached skill level 13 in Polearms
  6819 | D:7      | Killed Harold
  6820 | D:7      | Reached skill level 14 in Polearms
  6820 | D:7      | Reached skill level 5 in Armour
  8023 | D:8      | Reached skill level 15 in Polearms
  8045 | D:8      | Found a shimmering altar of Xom.
  8123 | D:8      | Reached XP level 10. HP: 76/76 MP: 10/10
  8260 | D:4      | Bought a scroll labelled WICSEA QICKYEC for 29 gold pieces
  8260 | D:4      | Bought a fizzy puce potion for 26 gold pieces
  8466 | D:8      | Reached **** piety under Trog
  8895 | D:9      | Found a staircase to the Orcish Mines.
  8928 | D:9      | Reached skill level 16 in Polearms
  9310 | D:9      | Reached skill level 17 in Polearms
  9519 | D:9      | Noticed a two-headed ogre
  9529 | D:9      | Killed a two-headed ogre
  9530 | D:9      | Reached skill level 1 in Evocations
 10250 | D:9      | Found a sparkling altar of Nemelex Xobeh.
 10504 | D:10     | Entered Level 10 of the Dungeon
 10562 | D:10     | Noticed a two-headed ogre
 10568 | D:10     | Killed a two-headed ogre
 10569 | D:10     | Reached skill level 18 in Polearms
 10569 | D:10     | Reached skill level 5 in Dodging
 10569 | D:10     | Reached XP level 11. HP: 81/81 MP: 11/11
 10700 | D:10     | Found a staircase to the Lair.
 10774 | D:10     | Noticed a two-headed ogre
 10791 | D:11     | Noticed a boulder beetle
 10791 | D:11     | Noticed a two-headed ogre
 10811 | D:11     | Slain by a boulder beetle

Illustrated notes

Levels and vault maps discovered:
D:1:      evilmike_arrival_fibonacci_small, layout_basic, serial_shops,
          nicolae_shop_overgrown_old_shop, st_stairs_12,
          minmay_misc_feat_nine_boxes, amcnicky_mini_corridor_feature
D:2:      layout_loops_cross, glass_columns_a
D:3:      layout_loops_ring, riverfiend_overflow_shadow_ancestor,
          okawaru_metal_pillars_3, nicolae_ru_great_annihilating_truth,
          nicolae_gozag_zags_fifth_avenue
D:4:      layout_basic, marbit_many_paths, serial_shops, nicolae_diamond_shop,
          uniq_crazy_yiuf_cottage
D:5:      layout_basic, grunt_qazlal_clouds,
          minmay_temple_entry_statues_fountains, kennysheep_dice
D:6:      layout_cave_pools, gammafunk_ghost_cemetery
D:7:      layout_cave_pods, mainiacjoe_overflow_24_doors,
          minmay_misc_feat_more_columns, uniq_harold
D:8:      layout_basic, led_xom_imps, nicolae_grassy_gnolls
D:9:      layout_grid_maze, overflow_temple_1_default, zombieorc2_lemuel
D:10:     layout_rooms, mainiacjoe_overflow_small_starburst,
          nicolae_overflow_hidden_temple, kiku_gazebo_garden_becter,
          dpeg_oklobed_lair
D:11:     layout_rooms, portal_ice_cave_entry_pillars_2

Skill      XL: |  1  2  3  4  5  6  7  8  9 10 |
---------------+-------------------------------+-----
Polearms       | 5 6 7 8 9 12 15 18 | 18.4
Armour         | 2 3 4 5 6 |  6.0
Fighting       | 4 5 6 |  6.0
Dodging        | 5 |  5.5
Evocations     | 3 |  3.5

Action                   |  1- 3 |  4- 6 |  7- 9 | 10-12 || total
-------------------------+-------+-------+-------+-------++-------
Melee: Spear             |    82 |    96 |       |       ||   178
       Punch             |       |     2 |       |       ||     2
       Trident           |       |   122 |    58 |       ||   180
       Halberd           |       |       |   187 |   232 ||   419
Throw: Stone             |     9 |       |    14 |    13 ||    36
       Javelin           |       |       |       |     4 ||     4
Invok: Berserk           |     2 |     4 |     6 |     5 ||    17
       Trog's Hand       |       |     1 |     2 |     1 ||     4
       Brothers in Arms  |       |       |       |     2 ||     2
  Use: Scroll            |       |       |    16 |     2 ||    18
 Stab: Paralysed         |       |     1 |       |       ||     1
       Invisible         |       |       |     1 |       ||     1
Armor: Animal skin       |     1 |       |       |       ||     1
       Ring mail         |    10 |    26 |       |       ||    36
       Chain mail        |       |    44 |   126 |     5 ||   175
       Plate armour      |       |       |       |    98 ||    98
Dodge: Dodged            |    18 |    87 |    74 |    47 ||   226

Table legend: (Time is in decaauts)
 A = Elapsed time spent in this place.
 B = Non-inter-level travel time spent in this place.
 C = Inter-level travel time spent in this place.
 D = Time resting spent in this place.
 E = Time spent auto-exploring this place.
 F = Levels seen in this place.
 G = Mean time per level.
                   A        B        C        D        E       F      G
               +--------+--------+--------+--------+--------+-----+--------+
         Total |  10855 |  10063 |    792 |   1018 |   7500 |  11 |  986.8 |
       Dungeon |  10855 |  10063 |    792 |   1018 |   7500 |  11 |  986.8 |
               +--------+--------+--------+--------+--------+-----+--------+

Top non-repeatable levels by time:
     D:9: 1662 daAuts
     D:5: 1500 daAuts
     D:8: 1444 daAuts
     D:4: 1380 daAuts
     D:1: 1049 daAuts
     D:7: 1024 daAuts
     D:3: 920 daAuts
     D:2: 865 daAuts
     D:6: 738 daAuts
    D:10: 242 daAuts
    D:11: 28 daAuts
